 Dungeon Crawl Stone Soup version 0.18-a0-481-g9a22f0c (webtiles) character file.

982 Jinbe the Insei (level 8, -10/58 HPs)
             Began as a Merfolk Transmuter on Dec 2, 2015.
             Was a Follower of Cheibriados.
             Mangled by a komodo dragon (26 damage)
             ... on level 6 of the Dungeon.
             The game lasted 00:17:09 (5809 turns).

Jinbe the Insei (Merfolk Transmuter)                Turns: 5809, Time: 00:17:09

Health: -10/58     AC:  2    Str: 13    XL:     8   Next: 17%
Magic:  5/11       EV: 21    Int: 14    God:    Cheibriados [*.....]
Gold:   173        SH:  0    Dex: 23    Spells: 3 memorised, 5 levels left

rFire  . . .     SeeInvis .       - Unarmed
rCold  . . .     Clarity  .     (armour currently unavailable)
rNeg   . . .     SustAt   .     (shield currently unavailable)
rPois  x         Gourm    .     (helmet currently unavailable)
rElec  .         Spirit   .     (cloak currently unavailable)
rCorr  .         Dismiss  .     (gloves currently unavailable)
rMut   .         Stasis   .     (boots currently unavailable)
MR     .....                    (no amulet)
Stlth  ++........               (no ring)
                                (no ring)

@: spider-form, very slow, not resistant to hostile enchantments, unstealthy
A: (change form in water), (swift swim)
a: End Transformation, Bend Time, Renounce Religion


You were on level 6 of the Dungeon.
You worshipped Cheibriados.
Cheibriados was aware of your devotion.
You were very hungry.
You were a venomous arachnid creature.
You visited 2 branches of the dungeon, and saw 7 of its levels.

You collected 173 gold pieces.

Inventory:

Missiles
 a - 38 arrows
 p - 21 poisoned arrows
 t - 12 arrows of frost
Armour
 b - a +0 robe (melded)
 q - a +0 helmet (melded)
 u - a +0 cloak (melded)
Wands
 g - a wand of confusion (28)
 y - a wand of digging (13)
Scrolls
 h - 2 scrolls of teleportation {unknown}
 k - a scroll of amnesia
 l - a scroll of recharging
 r - a scroll of magic mapping {unknown}
 s - 2 scrolls of remove curse {unknown}
 v - a scroll of identify
 w - a scroll of fog {unknown}
 x - a scroll of enchant armour {unknown}
Potions
 e - 4 potions of might
 i - a potion of lignification {unknown}
 j - a potion of cure mutation
 o - 2 potions of curing
Books
 c - a book of Changes

   Spells                             Type                      Level
   a - Beastly Appendage              Transmutation                1
   b - Sticks to Snakes               Transmutation                2
   c - Spider Form                    Transmutation/Poison         3
   d - Ice Form                       Ice/Transmutation            4
   e - Blade Hands                    Transmutation                5
Comestibles
 d - 3 bread rations
 f - 12 fruits
 m - a royal jelly
 n - 4 meat rations


   Skills:
 - Level 3.2 Fighting
 - Level 2.6 Dodging
 + Level 7.9 Unarmed Combat
 - Level 2.0 Spellcasting
 - Level 5.7 Transmutations
 - Level 2.9 Invocations
 + Level 2.4 Evocations


You had 5 spell levels left.
You knew the following spells:

 Your Spells              Type           Power        Failure   Level  Hunger
a - Beastly Appendage     Trmt           ###...       10%         1    ##.....
b - Sticks to Snakes      Trmt           ###.....     12%         2    ###....
c - Spider Form           Trmt/Pois      #.........   45%         3    ####...


Dungeon Overview and Level Annotations

Branches:
Dungeon (6/15)             Temple (1/1) D:4

Altars:
Ashenzari
Cheibriados
Dithmenos
Elyvilon
Fedhas
Gozag
Kikubaaqudgha
Makhleb
Nemelex Xobeh
Okawaru
Qazlal
Ru
Sif Muna
Trog
Vehumet
Xom
Yredelemnul
Zin
The Shining One

Shops:
D:5 (

Annotations:
D:3 P0WERM0DE's ghost, novice DsCK


Message History

A komodo dragon is nearby!
The komodo dragon bites you!
You hit the komodo dragon.
The komodo dragon is lightly wounded.
The komodo dragon barely misses you.
You hit the komodo dragon but do no damage.
The komodo dragon is poisoned.
The komodo dragon is lightly wounded.
The komodo dragon bites you!!
Ouch! That really hurt!
* * * LOW HITPOINT WARNING * * *
You are too injured to fight recklessly!
You are too injured to fight recklessly!
Unknown command.
The flow of time bends around you.
Cheibriados rebukes the komodo dragon.
The komodo dragon seems to slow down.
You feel slightly more hungry.
Cheibriados reduces the support of your attributes as your movement quickens.
The komodo dragon bites you!!
You die...

###... ..#
#....####.#
###..!...##.# #####
...........##....
##+##...#.....#....
#.......#.....#..#
#.............#l.#
#.............s..#
#...(..#.#.##.##.#
#......+.#.##....#
#......###....##...#
#......# ####.# ###
#..<...# #...
#......# ...##
#......# ....
######## .....


You could see a komodo dragon.

Vanquished Creatures
  Sigmund (D:3)
  An ice beast (D:5)
  An ogre (D:4)
  A crimson imp (D:5)
  2 hounds (D:4)
  Crazy Yiuf (D:5)
  3 orc priests (D:4)
  Jessica (D:3)
  Terence (D:2)
  2 orc wizards
  2 worker ants
  An iguana (D:5)
  A hound skeleton (D:4)
  7 adders
  4 gnolls (D:2)
  2 worms (D:2)
  4 giant geckos
  9 orcs
  8 giant cockroaches
  6 goblins
  9 hobgoblins
  3 quokkas
  16 bats
  A giant gecko skeleton (D:4)
  8 giant newts
  9 jackals
  14 kobolds
  14 rats
132 creatures vanquished.

Vanquished Creatures (collateral kills)
  An orc wizard (D:4)
1 creature vanquished.

Grand Total: 133 creatures vanquished

Notes
Turn   | Place    | Note
--------------------------------------------------------------
     0 | D:1      | Jinbe the Merfolk Transmuter began the quest for the Orb.
     0 | D:1      | Reached XP level 1. HP: 15/15 MP: 3/3
   475 | D:2      | Reached XP level 2. HP: 12/23 MP: 5/5
   897 | D:1      | Reached XP level 3. HP: 21/29 MP: 4/6
  1221 | D:1      | Learned a level 2 spell: Sticks to Snakes
  1225 | D:1      | Learned a level 3 spell: Spider Form
  1941 | D:1      | Reached skill level 4 in Unarmed Combat
  1941 | D:1      | Reached XP level 4. HP: 28/35 MP: 3/7
  2206 | D:2      | Noticed Terence
  2284 | D:2      | Killed Terence
  2333 | D:2      | Reached XP level 5. HP: 37/41 MP: 2/8
  2925 | D:2      | Reached skill level 5 in Transmutations
  3518 | D:2      | Reached XP level 6. HP: 44/47 MP: 5/9
  3749 | D:3      | Noticed Sigmund
  3763 | D:3      | Killed Sigmund
  3763 | D:3      | Reached skill level 6 in Unarmed Combat
  3790 | D:3      | Noticed Jessica
  3795 | D:3      | Killed Jessica
  3834 | D:3      | Noticed P0WERM0DE's ghost (novice DsCK)
  3950 | D:3      | Reached XP level 7. HP: 52/52 MP: 7/10
  4135 | D:4      | Found a staircase to the Ecumenical Temple.
  4144 | Temple   | Entered the Ecumenical Temple
  4231 | Temple   | Became a worshipper of Cheibriados the Contemplative
  4279 | D:4      | Reached skill level 1 in Invocations
  4380 | D:4      | Reached skill level 7 in Unarmed Combat
  4591 | D:4      | Reached * piety under Cheibriados
  4899 | D:5      | Entered Level 5 of the Dungeon
  4927 | D:5      | Reached skill level 1 in Evocations
  4927 | D:5      | Reached XP level 8. HP: 43/58 MP: 8/11
  5453 | D:5      | Noticed Crazy Yiuf
  5467 | D:5      | Killed Crazy Yiuf
  5554 | D:5      | Found Menwi's Weapon Emporium.
  5756 | D:5      | Found a burning altar of Makhleb.
  5802 | D:6      | Noticed a komodo dragon
  5809 | D:6      | Mangled by a komodo dragon

Vault maps used:
D:1:      dpeg_arrival_morbid_curiosity
D:2:      forest_paths, minmay_misc_feat_pillars, uniq_terence
D:3:      uniq_sigmund, uniq_jessica
D:4:      minmay_temple_entry_statues_fountains, first_bread,
          minmay_misc_feat_chi
D:5:      makhleb_grotto_becter, serial_shops, nicolae_shop_behind_doors,
          uniq_crazy_yiuf_cottage
Temple:   grunt_circular_temple_18

Action                   |  1- 3 |  4- 6 |  7- 9 || total
-------------------------+-------+-------+-------++-------
Melee: Unarmed           |   113 |   162 |   101 ||   376
 Cast: Beastly Appendage |    21 |     1 |       ||    22
       Spider Form       |     3 |    23 |    17 ||    43
       Sticks to Snakes  |     1 |     1 |     1 ||     3
Invok: Bend Time         |       |       |     1 ||     1
 Abil: End Transformatio |       |       |     1 ||     1
  Use: Scroll            |       |     3 |     4 ||     7
 Stab: Sleeping          |     1 |     1 |     1 ||     3
  Eat: Chunk             |     4 |    12 |     5 ||    21
